 Dungeon Crawl Stone Soup version 0.31-a0-654-gbe3e110b4e (webtiles) character file.

Game seed: 9037580387618838253

36 Maratek the Trooper (level 3, 0/33 HPs)
             Began as a Draconian Fighter on Aug 29, 2023.
             Slain by a goblin
             ... wielding a +2 dagger of speed
              (3 damage)
             ... on level 1 of the Dungeon.
             The game lasted 00:00:59 (738 turns).

Maratek the Trooper (Draconian Fighter)              Turns: 738, Time: 00:01:00

Health: 0/33       AC:  5    Str: 20    XL:     3   Next: 19%
Magic:  3/3        EV: 12    Int:  8    God:
Gold:   37         SH:  4    Dex: 10    Spells: 2/2 levels left

rFire   . . .        a - +0 war axe
rCold   . . .        b - +0 buckler
rNeg    . . .        (body armour unavailable)
rPois   .            (helmet restricted)
rElec   .            (no cloak)
rCorr   .            (no gloves)
SInv    .            (no boots)
Will    .....        (no amulet)
Stlth   +            (no ring)
HPRegen 0.25/turn    (no ring)
MPRegen 0.08/turn

%: no passive effects
@: mighty
A: AC +5, unfitting armour, cold-blooded
a: no special abilities


You were on level 1 of the Dungeon.
You visited 1 branch of the dungeon, and saw 1 of its levels.

You collected 37 gold pieces.

Inventory:

Hand Weapons
 a - a +0 war axe (weapon)
Armour
 b - a +0 buckler (worn)
Potions
 d - a potion of curing {unknown}
 e - a potion of heal wounds {unknown}


   Skills:
 + Level 3.6 Fighting
 + Level 2.2 Axes
 + Level 3.2 Dodging
 + Level 0.1 Stealth
 + Level 3.3 Shields


You had 2 spell levels left.
You didn't know any spells.
Your spell library contained the following spells:

 Spells                   Type           Power      Damage    Failure   Level
 Portal Projectile        Hex/Tloc       0%         N/A       85%         3
 Tukima's Dance           Hex            0%         N/A       85%         3
 Iskenderun's Mystic Bla  Conj/Tloc      0%         2d3       99%         4


Dungeon Overview and Level Annotations

Branches:
Dungeon (1/15)

Altars:


Innate Abilities, Weirdness & Mutations

Your plain brown scales are hard. (AC +5)
You cannot fit into any form of body armour.
You are cold-blooded and may be slowed by cold attacks.


Message History

The kobold barely misses you.
You hit the kobold.
The kobold is severely wounded.
The gnoll barely misses you. The kobold hits you but does no damage.
You hit the kobold.
You kill the kobold!
The gnoll barely misses you. The gnoll hits you but does no damage.
The ball python barely misses you. You block the ball python's attack.
You hit the ball python but do no damage.
You tail-slap the ball python.
You kill the ball python!
The gnoll closely misses you.
You closely miss the goblin.
The gnoll hits you from afar with a +0 spear!
The goblin hits you with a +2 dagger of speed.
The goblin hits you but does no damage.
The gnoll hits you from afar with a +0 spear.
You are too injured to fight recklessly!
You are too injured to fight recklessly!
You are too injured to fight recklessly!
You are too injured to fight recklessly!
You feel very mighty all of a sudden. The goblin hits you but does no damage.
The gnoll barely misses you.
You are too injured to fight recklessly!
You are too injured to fight recklessly!
You are too injured to fight recklessly!
You are too injured to fight recklessly!
You miss the goblin. You block the goblin's attack.
The gnoll hits you from afar with a +0 spear.
The goblin hits you but does no damage.
You barely miss the goblin.
The goblin hits you with a +2 dagger of speed.
The gnoll hits you from afar with a +0 spear.
* * * LOW HITPOINT WARNING * * *
The goblin hits you with a +2 dagger of speed.
* * * LOW HITPOINT WARNING * * *
The gnoll hits you from afar with a +0 spear.
* * * LOW HITPOINT WARNING * * *
The goblin hits you with a +2 dagger of speed.
You die...

#.÷#.##.# #...#....#####.......#
#..#.##.# #...#..⌠.#S#.8.....#..
#.....#.## #...#....'.bK.....##.#
#........###...#..l.wJ...........
#..............#....#.#.8......##
##.>.....###...#..lw#####.....#..
#....#.## #...#.... ##....#...#
#......# #...########....#...#.
###.##.## #....@gSwJ............
#.#...###...###gK......#.#.##.
#.#.....#.......w.....#....#..
#.#.†.###....................#
#.##.## ######################
#.##.# ##.# #.# ##
#.##.######..######.# #.
#.##††..............# #.
#.#########..######## #.


You could see a gnoll, 2 dart slugs, an endoplasm, a goblin, a ball python and a
kobold.

Vanquished Creatures
  A dart slug (D:1)
  3 ball pythons (D:1)
  2 endoplasms (D:1)
  2 giant cockroaches (D:1)
  A goblin (D:1)
  5 hobgoblins (D:1)
  4 jackals (D:1)
  2 kobolds (D:1)
  A quokka (D:1)
  4 bats (D:1)
  2 frilled lizards (D:1)
  3 rats (D:1)
30 creatures vanquished.

Notes
Turn   | Place    | Note
-------+----------+-------------------------------------------
     0 | D:1      | Maratek the Draconian Fighter began the quest for the Orb.
     0 | D:1      | Reached XP level 1. HP: 19/19 MP: 1/1
    65 | D:1      | Reached XP level 2. HP: 26/26 MP: 2/2
    70 | D:1      | Found a large runed translucent door.
    70 | D:1      | Found a large runed translucent door.
   489 | D:1      | Reached XP level 3. HP: 33/33 MP: 3/3
   738 | D:1      | Slain by a goblin

Illustrated notes

Levels and vault maps discovered:
D:1:      erik_arrival_cave_to_civilisation [erik_arrival_cave_to_temple],
          layout_loops_ring

Skill      XL: |  1  2 |
---------------+-------+-----
Dodging        | 3 |  3.2
Fighting       | |  3.6
Axes           | |  2.2
Stealth        | |  0.1
Shields        | |  3.3

Action                     || total
---------------------------++-------
  Melee: War axe           ||    70
         Tailslap          ||     9
    Use: Potion            ||     1
   Stab: Sleeping          ||     2
 Armour: Skin              ||    34
  Dodge: Dodged            ||    70
  Block: Buckler           ||    21

Table legend: (Time is in decaauts)
 A = Elapsed time spent in this place.
 B = Non-inter-level travel time spent in this place.
 C = Inter-level travel time spent in this place.
 D = Time resting spent in this place.
 E = Time spent auto-exploring this place.
 F = Levels seen in this place.
 G = Mean time per level.
                   A        B        C        D        E       F      G
               +--------+--------+--------+--------+--------+-----+--------+
         Total |    767 |    767 |      0 |      0 |    591 |   1 |  767.0 |
       Dungeon |    767 |    767 |      0 |      0 |    591 |   1 |  767.0 |
               +--------+--------+--------+--------+--------+-----+--------+

Top non-repeatable levels by time:
     D:1: 767 daAuts
